 Dungeon Crawl Stone Soup version 0.30-a0-918-g0ff054e9dc (webtiles) character file.

Game seed: 7290062914149439499

14 cforsyth the Shield-Bearer (level 2, 0/24 HPs)
             Began as a Human Fighter on Mar 20, 2023.
             Slain by a jackal (1 damage)
             ... on level 1 of the Dungeon.
             The game lasted 00:00:26 (293 turns).

cforsyth the Shield-Bearer (Human Fighter)           Turns: 293, Time: 00:00:26

Health: 0/24       AC:  6    Str: 16    XL:     2   Next: 55%
Magic:  2/2        EV:  8    Int:  8    God:
Gold:   12         SH:  4    Dex: 12    Spells: 1/1 levels left

rFire   . . .      SeeInvis .    a - +0 flail
rCold   . . .      Faith    .    c - +0 buckler
rNeg    . . .      Spirit   .    b - +0 scale mail
rPois   .          Reflect  .    (no helmet)
rElec   .          Rampage  .    (no cloak)
rCorr   .                        (no gloves)
Will    .....                    (no boots) Stlth
                                 (no amulet)
HPRegen 0.24/turn                (no ring)
MPRegen 0.08/turn                (no ring)

@: no status effects
A: no striking features
a: no special abilities


You were on level 1 of the Dungeon.
You visited 1 branch of the dungeon, and saw 1 of its levels.

You collected 12 gold pieces.

Inventory:

Hand Weapons
 a - a +0 flail (weapon)
Armour
 b - a +0 scale mail (worn)
 c - a +0 buckler (worn)
Jewellery
 h - a ring of magical power
Scrolls
 e - a scroll of noise {unknown}
 f - a scroll of poison {unknown}
 g - a scroll of fear {unknown}
 i - a scroll of identify {unknown}
Potions
 d - 2 potions of might


   Skills:
 + Level 3.2 Fighting
 + Level 2.2 Maces & Flails
 + Level 3.1 Armour
 + Level 3.2 Shields


You had one spell level left.
You didn't know any spells.
Your spell library was empty.

Dungeon Overview and Level Annotations

Branches:
Dungeon (1/15)

Altars:


Message History

The jackal bites you but does no damage.
You block the jackal's attack. The endoplasm closely misses you.
The jackal bites you but does no damage.
The jackal barely misses you.
You hit the endoplasm.
The endoplasm is almost dead.
The jackal bites you but does no damage.
You block the jackal's attack.
The jackal bites you but does no damage.
The endoplasm hits you but does no damage.
You block the jackal's attack. The jackal bites you. The endoplasm hits you.
The jackal barely misses you.
You are too injured to fight recklessly!
You are too injured to fight recklessly!
You are too injured to fight recklessly!
You are too injured to fight recklessly!
You are too injured to fight recklessly!
You are too injured to fight recklessly!
You are too injured to fight recklessly!
You are too injured to fight recklessly!
You are too injured to fight recklessly!
You are too injured to fight recklessly!
You are too injured to fight recklessly!
You are too injured to fight recklessly!
You hit the endoplasm.
You kill the endoplasm!
The jackal barely misses you. The jackal bites you.
* * * LOW HITPOINT WARNING * * *
You block the jackal's attack.
The jackal bites you but does no damage.
The jackal bites you.
* * * LOW HITPOINT WARNING * * *
The jackal bites you.
* * * LOW HITPOINT WARNING * * *
The jackal bites you but does no damage.
The jackal bites you.
* * * LOW HITPOINT WARNING * * *
The jackal attacks as you move away! The jackal barely misses you.
The jackal bites you.
You die...

##.#.##........#####
.. #.##.######## #
... #.#.....# ...#
#.#.###.# .......#
#.#.# #†# ........#
#.#####.#
......#..##.......#
...... #...########
......####@###
.........h..†##
........hh....#
......†.....#.#
............#...
............# #..#
............# #...
............# ##.
....?.......#


You could see 3 jackals.

Vanquished Creatures
  A ball python (D:1)
  A bat (D:1)
  3 endoplasms (D:1)
  A hobgoblin (D:1)
  A jackal (D:1)
  A kobold (D:1)
  A quokka (D:1)
  A frilled lizard (D:1)
  A rat (D:1)
11 creatures vanquished.

Notes
Turn   | Place    | Note
-------+----------+-------------------------------------------
     0 | D:1      | cforsyth the Human Fighter began the quest for the Orb.
     0 | D:1      | Reached XP level 1. HP: 18/18 MP: 1/1
   131 | D:1      | Reached XP level 2. HP: 24/24 MP: 2/2
   292 | D:1      | HP: 1/24 [jackal (3)]
   293 | D:1      | Slain by a jackal

Illustrated notes

Levels and vault maps discovered:
D:1:      heliophobic_arrival_henge, layout_basic, minmay_misc_feat_room

Action                     || total
---------------------------++-------
  Melee: Flail             ||    39
 Armour: Scale mail        ||    25
  Dodge: Dodged            ||    16
  Block: Buckler           ||    15

Table legend: (Time is in decaauts)
 A = Elapsed time spent in this place.
 B = Non-inter-level travel time spent in this place.
 C = Inter-level travel time spent in this place.
 D = Time resting spent in this place.
 E = Time spent auto-exploring this place.
 F = Levels seen in this place.
 G = Mean time per level.
                   A        B        C        D        E       F      G
               +--------+--------+--------+--------+--------+-----+--------+
         Total |    306 |    306 |      0 |      0 |    210 |   1 |  306.0 |
       Dungeon |    306 |    306 |      0 |      0 |    210 |   1 |  306.0 |
               +--------+--------+--------+--------+--------+-----+--------+

Top non-repeatable levels by time:
     D:1: 306 daAuts
